 Dungeon Crawl Stone Soup version 0.32-a0-20-ge526923d97 (webtiles) character file.

Game seed: 3416258404540267454

1236 Tocho the Cutter (level 8, -1/74 HPs)
             Began as a Red Draconian Reaver on July 9, 2023.
             Succumbed to a water moccasin's poison
             ... on level 6 of the Dungeon on Jan 18, 2024.
             The game lasted 00:18:32 (5517 turns).

Tocho the Cutter (Red Draconian Reaver)             Turns: 5517, Time: 00:18:33

Health: -1/74      AC:  8    Str: 16 (18) XL:     8   Next: 24%
Magic:  10/11      EV: 12    Int: 10 (13) God:
Gold:   310        SH:  0    Dex:  7 (9)  Spells: 9/12 levels left

rFire   + . .        d - +1 short sword (venom)
rCold   . . .        l - orb {*Rage}
rNeg    + . .        (body armour unavailable)
rPois   .            (helmet restricted)
rElec   .            h - +1 cloak {rCorr}
rCorr   +            (no gloves)
SInv    .            (no boots)
Will    .....        (no amulet)
Stlth   ++           p - ring of positive energy
HPRegen 0.32/turn    (no ring)
MPRegen 0.12/turn

%: clarity
@: brilliant, lethally poisoned (-1 -> -11), short of breath
A: breathe fire, AC +6, unfitting armour, fire resistance 1, cold-blooded,
clarity, robust 1
a: Breathe Fire


You were on level 6 of the Dungeon.
You visited 1 branch of the dungeon, and saw 6 of its levels.

You collected 330 gold pieces.
You spent 20 gold pieces at shops.

Inventory:

Hand Weapons
 a - a +1 falchion
 d - a +1 short sword of venom (weapon)
Missiles
 j - 5 curare-tipped darts
Armour
 h - a +1 cloak of preservation (worn)
 l - an orb of wrath (worn)
Jewellery
 p - a ring of positive energy (left hand)
Scrolls
 b - a scroll of silence
 f - a scroll of fear
 i - 2 scrolls of identify
 m - a scroll of fog {unknown}
 q - a scroll of enchant armour {unknown}
Potions
 c - 2 potions of attraction
 e - a potion of haste {unknown}
 g - a potion of degeneration
 k - 3 potions of brilliance
 n - a potion of berserk rage {unknown}
 o - a potion of ambrosia {unknown}


   Skills:
 + Level 5.0 Fighting
 + Level 6.0(6.4) Short Blades
 + Level 3.3(5.1) Long Blades
 + Level 5.1 Dodging
 + Level 2.0 Stealth
 + Level 2.5 Spellcasting
 + Level 3.2 Conjurations
 + Level 0.6 Summonings
 + Level 0.2 Necromancy


You had 9 spell levels left.
You knew the following spells:

 Your Spells              Type           Power      Damage    Failure   Level
a - Kiss of Death         Conj/Necr      28%        2d7       14%         1
b - Necrotise             Necr           8%         1d4       26%         1
c - Summon Small Mammal   Summ           12%        N/A       22%         1

Your spell library contained the following spells:

 Spells                   Type           Power      Damage    Failure   Level
 Momentum Strike          Conj/Tloc      12%        3d8       22%         2
 Call Imp                 Summ           6%         N/A       34%         2
 Sublimation of Blood     Necr           2%         N/A       38%         2
 Hailstorm                Conj/Ice       6%         3d5       41%         3
 Call Canine Familiar     Summ           3%         N/A       56%         3
 Vampiric Draining        Necr           2%         2d6       63%         3
 Summon Blazeheart Golem  Fire/Summ      2%         N/A       95%         4
 Curse of Agony           Necr           2%         N/A       100%        5
 Summon Hydra             Summ           1%         N/A       100%        7


Dungeon Overview and Level Annotations

Branches:
Dungeon (6/15)
 Temple: D:4-7

Altars:
Cheibriados
Dithmenos
Qazlal
Yredelemnul

Shops:
D:2 ?   D:5 :


Innate Abilities, Weirdness & Mutations

You can breathe blasts of fire.
Your fiery red scales are hard. (AC +6)
You cannot fit into any form of body armour.
Your flesh is heat resistant. (rF+)
You are cold-blooded and may be slowed by cold attacks.
You possess an exceptional clarity of mind.
You are robust. (+10% HP)


Message History

You hit the water moccasin. You tail-slap the water moccasin.
The water moccasin is severely wounded.
You feel very sick. The water moccasin bites you.
You hit the water moccasin but do no damage.
The water moccasin looks as sick as possible!
You tail-slap the water moccasin.
The water moccasin is almost dead.
You feel very sick.
The water moccasin bites you but does no damage.
You miss the water moccasin.
The water moccasin is almost dead.
You feel very sick.
You kill the water moccasin!
Your Fighting skill increases to level 5!
Your Short Blades skill increases to level 6!
You feel very sick. The white imp hits you. The white imp freezes you.
You feel yourself slow down.
* * * LOW HITPOINT WARNING * * *
You see here a water moccasin corpse.
You hit the white imp but do no damage.
The white imp is poisoned.
You tail-slap the white imp.
The white imp is moderately wounded.
* * * LOW HITPOINT WARNING * * *
You feel very sick. The white imp gestures at you. The puff of frost hits you!
* * * LOW HITPOINT WARNING * * *
It was a potion of brilliance.
You feel clever all of a sudden.
You feel yourself speed up.
* * * LOW HITPOINT WARNING * * *
You feel very sick. The white imp gestures at you. The puff of frost hits you.
* * * LOW HITPOINT WARNING * * *
The white imp hits you but does no damage.
It was a potion of degeneration.
There was something very wrong with that liquid.
You feel weakened.
You feel dopey.
You feel clumsy.
You die...

########## #........#
#........# #........#
#........# #########
#........#
........###........#
.........##........## ###
.....°..5@..........###...
........###.....>.....[.#.
........#.................
........###.....####.<....
........# ####...###†#
.......?# ##....#..#
........# #...>...##.#
........# #.....#.##.#
#######...###..........#


You could see a white imp (very poisoned).

Vanquished Creatures
  A water moccasin (D:6)
  A black bear (D:4)
  An ogre (D:5)
  2 scorpions
  A howler monkey (D:4)
  A jelly (D:5)
  4 hounds
  Crazy Yiuf (D:3)
  A bombardier beetle (D:5)
  An orc priest (D:5)
  A sleepcap (D:3)
  3 iguanas (D:5)
  3 orc wizards
  A mummy (D:4)
  5 gnolls
  2 adders
  A white imp (D:6)
  A ribbon worm (D:3)
  2 dart slugs
  21 orcs
  3 endoplasms
  5 giant cockroaches
  12 goblins
  7 hobgoblins
  2 quokkas
  11 ball pythons
  4 bats
  2 frilled lizards
  8 kobolds
  9 rats
117 creatures vanquished.

Vanquished Creatures (collateral kills)
  2 ice beasts (D:6)
2 creatures vanquished.

Grand Total: 119 creatures vanquished

Notes
Turn   | Place    | Note
-------+----------+-------------------------------------------
     0 | D:1      | Tocho the Draconian Reaver began the quest for the Orb.
     0 | D:1      | Reached XP level 1. HP: 17/17 MP: 3/3
   170 | D:1      | Reached XP level 2. HP: 24/24 MP: 5/5
   393 | D:1      | Reached XP level 3. HP: 30/30 MP: 6/6
  1053 | D:2      | Found Zywuu's Magic Scroll Boutique.
  1059 | D:2      | Bought a scroll of identify for 20 gold pieces
  1218 | D:2      | Reached skill level 1 in Short Blades
  1652 | D:3      | Reached XP level 4. HP: 36/38 MP: 7/7
  2031 | D:3      | Found a stormy altar of Qazlal.
  2068 | D:3      | Reached skill level 2 in Short Blades
  2121 | D:3      | Found a faded altar of an unknown god.
  2346 | D:3      | Reached skill level 1 in Stealth
  2549 | D:3      | Found a runed translucent door.
  2550 | D:3      | Noticed Crazy Yiuf
  2706 | D:3      | Killed Crazy Yiuf
  2707 | D:3      | Reached XP level 5. HP: 25/45 MP: 0/8
  2861 | D:4      | Noticed a black bear
  2880 | D:4      | Killed a black bear
  2881 | D:4      | Reached skill level 3 in Short Blades
  2887 | D:4      | Reached XP level 6. HP: 24/51 MP: 9/9
  2895 | D:4      | Gained mutation: You are robust. (+10% HP) [potion of
                  | mutation]
  2895 | D:4      | Gained mutation: You possess an exceptional clarity of
                  | mind. [potion of mutation]
  3221 | D:4      | Reached skill level 4 in Short Blades
  3385 | D:4      | Upgraded the game from 0.31-a0-233-g139696dc86 to
                  | 0.32-a0-20-ge526923d97
  3496 | D:4      | Found a shadowy altar of Dithmenos.
  3504 | D:4      | Learned a level 1 spell: Necrotise
  3510 | D:4      | Found a basalt altar of Yredelemnul.
  3834 | D:4      | Found a snail-covered altar of Cheibriados.
  4025 | D:5      | Entered Level 5 of the Dungeon
  4117 | D:5      | Your scales start taking on a fiery red colour.
  4117 | D:5      | Reached XP level 7. HP: 64/64 MP: 10/10
  4117 | D:5      | Gained mutation: Your flesh is heat resistant. (rF+) [Red
                  | Draconian growth]
  4489 | D:5      | Reached skill level 5 in Short Blades
  4629 | D:5      | Found Deerer's Book Emporium.
  4694 | D:5      | Learned a level 1 spell: Summon Small Mammal
  5273 | D:6      | Reached XP level 8. HP: 70/73 MP: 5/11
  5421 | D:6      | Reached skill level 5 in Dodging
  5514 | D:6      | Reached skill level 5 in Fighting
  5514 | D:6      | Reached skill level 6 in Short Blades
  5516 | D:6      | HP: 3/74 [poisoned by a water moccasin]
  5517 | D:6      | Succumbed to a water moccasin's poison

Illustrated notes

Levels and vault maps discovered:
D:1:      lemuel_arrival_behind_the_door_large, layout_basic
D:2:      layout_basic, serial_shops, nicolae_shop_peninsula
D:3:      layout_loops_ring, lemuel_crystal_altar,
          shapermc_ecumenical_altar_mp_highgroup, kennysheep_donut,
          uniq_crazy_yiuf_cottage
D:4:      kennysheep_the_goblin_king, layout_basic, slow_altar_2,
          mainiacjoe_overflow_tiny_flanked, general_overflow_altar,
          nicolae_the_louvre
D:5:      layout_basic, serial_shops, shop, minmay_misc_feat_plants, hex_large,
          chequers_serial_rivers_marsh
D:6:      layout_rooms, nemelex_xobeh_ov_fountains_minmay,
          nicolae_overflow_squiral

Skill      XL: |  1  2  3  4  5  6  7  8 |
---------------+-------------------------+-----
Dodging        | 2 3 4 5 |  5.1
Short Blades   | 1 2 3 4 5 6 |  6.0
Fighting       | 3 4 5 |  5.0
Stealth        | 1 2 |  2.0
Long Blades    | |  3.3
Spellcasting   | |  2.5
Conjurations   | |  3.2
Summonings     | |  0.6
Necromancy     | |  0.2

Action                     |  1- 3 |  4- 6 |  7- 9 || total
---------------------------+-------+-------+-------++-------
  Melee: Falchion          |    25 |       |       ||    25
         Short sword       |   102 |   241 |   129 ||   472
         Tailslap          |    13 |    31 |    22 ||    66
   Cast: Summon Small Mamm |       |       |     5 ||     5
         Kiss of Death     |       |       |     1 ||     1
         Necrotise         |       |       |     3 ||     3
Ability: Breathe Fire      |       |       |     7 ||     7
    Use: Scroll            |     3 |     3 |       ||     6
         Potion            |       |     2 |     2 ||     4
   Stab: Sleeping          |     1 |     1 |       ||     2
 Armour: Skin              |    46 |    88 |    57 ||   191
  Dodge: Dodged            |    70 |   121 |    49 ||   240

Table legend: (Time is in decaauts)
 A = Elapsed time spent in this place.
 B = Non-inter-level travel time spent in this place.
 C = Inter-level travel time spent in this place.
 D = Time resting spent in this place.
 E = Time spent auto-exploring this place.
 F = Levels seen in this place.
 G = Mean time per level.
                   A        B        C        D        E       F      G
               +--------+--------+--------+--------+--------+-----+--------+
         Total |   5476 |   5092 |    384 |      0 |   4145 |   6 |  912.7 |
       Dungeon |   5476 |   5092 |    384 |      0 |   4145 |   6 |  912.7 |
               +--------+--------+--------+--------+--------+-----+--------+

Top non-repeatable levels by time:
     D:5: 1208 daAuts
     D:3: 1202 daAuts
     D:4: 1176 daAuts
     D:1: 930 daAuts
     D:2: 708 daAuts
     D:6: 248 daAuts
